 Dungeon Crawl Stone Soup version 0.29.1-12-g30fa7ad0bf (webtiles) character file.

Game seed: 2640836101877378049

112 wormed the Slasher (level 4, 0/55 HPs)
             Began as a Demigod Gladiator on Dec 28, 2022.
             Succumbed to Crazy Yiuf's poison
             ... on level 2 of the Dungeon.
             The game lasted 00:03:27 (1355 turns).

wormed the Slasher (Demigod Gladiator)              Turns: 1355, Time: 00:03:27

Health: 0/55       AC: 26    Str: 15    XL:     4   Next: 38%
Magic:  6/6        EV:  2    Int: 10    God:
Gold:   57         SH:  0    Dex: 19    Spells: 3/3 levels left

rFire   . . .      SeeInvis .   l - +0 falchion
rCold   . . .      Faith    .   (no shield)
rNeg    . . .      Spirit   .   (body armour currently unavailable)
rPois   +          Reflect  .   (helmet currently unavailable)
rElec   .          Harm     .   (cloak currently unavailable)
rCorr   .          Rampage  .   (gloves currently unavailable)
Will    .....      NoTele   +   (boots currently unavailable)
Stlth   ++........              g - amulet of the acrobat
HPRegen 0.18/turn               i - +4 ring of protection
MPRegen 0.10/turn               (no ring)

@: lethally poisoned (0 -> -6), tree-form, hasted, very quick
A: stationary, stasis, torment immunity, boosted hp, high MP 1, forlorn, divine
attributes
a: no special abilities


You were on level 2 of the Dungeon.
You were a tree.
You visited 1 branch of the dungeon, and saw 2 of its levels.

You collected 57 gold pieces.

Inventory:

Hand Weapons
 l - a +0 falchion (weapon)
 r - the +7 hammer of Jame {speed, +Blink Str-5 Int+9}
   (You found it on level 2 of the Dungeon)

   Attacks with this weapon are significantly faster.
   Str:       It affects your strength (-5).
   Int:       It affects your intelligence (+9).
   +Blink:    It lets you blink.
 s - the +6 hammer of the Feeding Gods {freeze, rPois Int+6 Stlth-}
   (You found it on level 2 of the Dungeon)

   It freezes those it strikes, dealing additional cold damage.
   It can also slow down cold-blooded creatures.
   Int:       It affects your intelligence (+6).
   rPois:     It protects you from poison.
   Stlth:     It makes you less stealthy.
Missiles
 d - 3 throwing nets (quivered)
 e - a javelin
Armour
 b - a +0 leather armour (melded)
 c - a +0 helmet (melded)
 q - a +0 cloak (melded)
Jewellery
 g - an amulet of the acrobat (around neck)
 i - a +4 ring of protection (left branch)
Scrolls
 h - 2 scrolls of identify {unknown}
 j - 2 scrolls of blinking {unknown}
 m - a scroll of enchant armour {unknown}
 o - a scroll of teleportation {unknown}
Potions
 n - a potion of magic {unknown}
 p - a potion of mutation {unknown}


   Skills:
 + Level 2.7 Fighting
 * Level 4.1 Long Blades
 - Level 2.0 Throwing
 - Level 3.0 Dodging


You had 3 spell levels left.
You didn't know any spells.
Your spell library contained the following spells:

 Spells                   Type           Power      Damage    Failure   Level
 Sandblast                Erth           0%         2d4       36%         1
 Passwall                 Tmut/Erth      0%         N/A       50%         2
 Static Discharge         Conj/Air       0%         3-3/arc   50%         2
 Stone Arrow              Conj/Erth      0%         3d7       75%         3
 Dispel Undead            Necr           0%         3d6       98%         4
 Sticky Flame             Conj/Fire      0%         2d3       98%         4


Dungeon Overview and Level Annotations

Branches:
Dungeon (2/15)

Shops:
D:1 [


Innate Abilities, Weirdness & Mutations

You are a tree.
Your roots penetrate the ground, keeping you stationary.
You cannot be teleported.
You are immune to unholy pain and torment.
Your maximum health is greatly increased.
Your equipment is partially melded.
You have an increased reservoir of magic. (+10% MP)
You shall have no god before yourself.
Your divine heritage dramatically boosts your attributes as you level up.


Message History

You hit Crazy Yiuf but do no damage.
Crazy Yiuf is heavily wounded.
Crazy Yiuf completely misses you.
You hit Crazy Yiuf.
Crazy Yiuf is severely wounded.
Crazy Yiuf cries, "Earwax!
Seed spinner canine."
Crazy Yiuf barely misses you.
You hit Crazy Yiuf.
Crazy Yiuf is severely wounded.
Crazy Yiuf misses you.
You barely miss Crazy Yiuf.
Crazy Yiuf is severely wounded.
Crazy Yiuf hits you with a +4 quarterstaff of chaos.
You are lethally poisoned!
Crazy Yiuf misses you.
You barely miss Crazy Yiuf.
Crazy Yiuf is severely wounded.
* * * LOW HITPOINT WARNING * * *
You feel very sick.
Crazy Yiuf screams, "Fire light stair!"
Crazy Yiuf hits you with a +4 quarterstaff of chaos.
* * * LOW HITPOINT WARNING * * *
You easily resist.
You hit Crazy Yiuf.
You kill Crazy Yiuf!
* * * LOW HITPOINT WARNING * * *
You feel very sick.
Your Long Blades skill increases to level 4!
There is a lethal amount of poison in your body!
It was a potion of cancellation.
You feel magically purged.
* * * LOW HITPOINT WARNING * * *
You feel very sick.
It was a potion of lignification.
You turn into a tree.
Your +0 cloak melds into your body.
Your +0 helmet melds into your body.
Your +0 leather armour melds into your body.
Your roots penetrate the ground.
* * * LOW HITPOINT WARNING * * *
You feel sick.
It was a potion of haste.
You feel yourself speed up.
You die...

#....+ #....# #....
#...# #†# #.## ####
♣♣####..### #)))#♣♣
♣♣).......))
#.))♣)♣♣♣♣......#..##
#)))#♣))♣.)...)###...
#### ♣♣♣)♣....## ####
♣♣♣♣♣###


There were no monsters in sight!

Vanquished Creatures
  Crazy Yiuf (D:2)
  Terence (D:2)
  An adder (D:2)
  2 dart slugs (D:1)
  2 endoplasms (D:1)
  A giant cockroach (D:2)
  11 goblins
  A hobgoblin (D:2)
  4 kobolds (D:1)
  7 ball pythons
  4 bats (D:2)
  5 frilled lizards
  6 rats
46 creatures vanquished.

Notes
Turn   | Place    | Note
-------+----------+-------------------------------------------
     0 | D:1      | wormed the Demigod Gladiator began the quest for the Orb.
     0 | D:1      | Reached XP level 1. HP: 17/17 MP: 3/3
   146 | D:1      | Reached XP level 2. HP: 24/24 MP: 4/4
   150 | D:1      | Reached skill level 3 in Long Blades
   376 | D:1      | Found Racoupiu's Antique Armour Shoppe.
   831 | D:2      | Reached XP level 3. HP: 29/29 MP: 5/5
  1141 | D:2      | Noticed Terence
  1162 | D:2      | Killed Terence
  1165 | D:2      | Reached XP level 4. HP: 20/37 MP: 6/6
  1328 | D:2      | Identified the +6 hammer of the Feeding Gods {freeze, rPois
                  | Int+6 Stlth-}
  1329 | D:2      | Identified the +7 hammer of Jame {speed, +Blink Str-5
                  | Int+9}
  1337 | D:2      | Found a runed translucent door.
  1338 | D:2      | Noticed Crazy Yiuf
  1352 | D:2      | Killed Crazy Yiuf
  1353 | D:2      | Reached skill level 4 in Long Blades
  1354 | D:2      | HP: 2/55 [poisoned by Crazy Yiuf]
  1355 | D:2      | Succumbed to Crazy Yiuf's poison

Illustrated notes

Levels and vault maps discovered:
D:1:      minmay_arrival_radiant_lines, layout_basic, serial_shops,
          nicolae_shop_waterfront
D:2:      layout_basic, uniq_crazy_yiuf_cottage, uniq_terence

Skill      XL: |  1  2  3  4 |
---------------+-------------+-----
Throwing       | 2 |  2.0
Fighting       | 2 |  2.7
Long Blades    | 3 4 |  4.1
Dodging        | 3 |  3.0

Action                   |  1- 3 |  4- 6 || total
-------------------------+-------+-------++-------
Melee: Long sword        |    42 |       ||    42
       Falchion          |   101 |    12 ||   113
       Punch             |     1 |       ||     1
  Use: Potion            |       |     3 ||     3
 Stab: Sleeping          |     1 |       ||     1
Armor: Leather armour    |    69 |     1 ||    70
Dodge: Dodged            |   139 |     7 ||   146
